 Dungeon Crawl Stone Soup version 0.28-a0-863-g8cecda6153 (webtiles) character file.

Game seed: 7588942933545410404

5484 kae the Carver (level 10, -9/79 HPs)
             Began as a Demonspawn Berserker on Nov 18, 2021.
             Was an Elder of Trog.
             Succumbed to Sonja's poison
             ... on level 10 of the Dungeon.
             The game lasted 00:05:54 (11388 turns).

kae the Carver (Demonspawn Berserker)              Turns: 11388, Time: 00:05:55

Health: -9/79      AC: 27    Str: 21    XL:     10   Next: 42%
Magic:  10/10      EV:  5    Int:  8    God:    Trog [****..]
Gold:   616        SH:  0    Dex: 13    Spells: 9/9 levels left

rFire   . . .      SeeInvis .   a - +1 falchion
rCold   . . .      Faith    .   (no shield)
rNeg    . . .      Spirit   .   t - +0 crystal plate armour
rPois   .          Reflect  .   (no helmet)
rElec   +          Harm     .   (no cloak)
rCorr   +          Rampage  .   i - +1 pair of gloves
Will    .....                   l - +2 pair of boots
Stlth   ..........              g - amulet of regeneration
HPRegen 1.23/turn               o - ring of resist corrosion
MPRegen 0.12/turn               (no ring)

@: lethally poisoned (-9 -> -91), on berserk cooldown, slowed, very slow
A: thin metallic scales 3, foul stench 1, demonic touch 1
a: Renounce Religion, Berserk, Trog's Hand, Brothers in Arms


You were on level 10 of the Dungeon.
You worshipped Trog.
Trog was greatly pleased with you.
You visited 1 branch of the dungeon, and saw 10 of its levels.
You also visited: Ossuary.

You collected 616 gold pieces.

Inventory:

Hand Weapons
 a - a +1 falchion (weapon)
Armour
 b - a +0 animal skin
 i - a +1 pair of gloves (worn)
 l - a +2 pair of boots (worn)
 t - a +0 crystal plate armour (worn)
Jewellery
 g - an amulet of regeneration (around neck)
 o - a ring of resist corrosion (left hand)
Wands
 c - a wand of polymorph (6)
 p - a wand of charming (12)
 r - a wand of paralysis (2)
 s - a wand of flame (25)
Scrolls
 d - 2 scrolls of blinking
 h - 2 scrolls of enchant weapon
 u - 3 scrolls of teleportation
 x - a scroll of magic mapping
Potions
 e - 2 potions of attraction
 f - 2 potions of ambrosia
 j - 2 potions of haste
 k - a potion of mutation
 m - 2 potions of invisibility
 n - 2 potions of lignification {unknown}
 q - a potion of cancellation {unknown}
 v - 3 potions of flight {unknown}
 w - a potion of curing {unknown}
 z - a potion of magic {unknown}
 A - 2 potions of heal wounds


   Skills:
 + Level 7.6 Fighting
 * Level 9.6 Long Blades
 + Level 6.5 Armour
 + Level 6.6 Dodging


You had 9 spell levels left.
You didn't know any spells.
Your spell library was empty.

Dungeon Overview and Level Annotations

Branches:
Dungeon (10/15)            Temple (0/1) D:4             Orc (0/2) D:9
Ossuary (visited)
   Lair: D:8-11

Altars:
Cheibriados
Vehumet

Shops:
D:7 [

Annotations:
D:3 1 runed translucent door, vurker's ghost, amateur DgAE
D:10 Sonja


Innate Abilities, Weirdness & Mutations

You are completely covered in thin metallic scales. (AC +4, rElec)
You may rarely emit foul miasma when damaged in melee.
Your touch may inflict minor irresistible damage on your foes.


Message History

You are more poisoned.
Sonja hits you but does no damage.
You are more poisoned.
Sonja hits you but does no damage.
You are more poisoned.
You closely miss Sonja.
Sonja is heavily wounded.
You are no longer berserk.
You are exhausted.
You feel yourself slow down.
You feel extremely sick.
Sonja zaps a wand.
You easily resist.
You miss Sonja.
Sonja is heavily wounded.
You feel extremely sick.
Sonja zaps a wand.
You easily resist.
The now-empty wand crumbles to dust.
Sonja barely misses you. Sonja hits you but does no damage.
You are lethally poisoned!
Sonja hits you but does no damage.
You are more poisoned.
You slash Sonja!
Sonja is severely wounded.
* * * LOW HITPOINT WARNING * * *
You feel extremely sick.
Sonja hits you with a +1 short sword of venom!
* * * LOW HITPOINT WARNING * * *
You are more poisoned.
Sonja hits you but does no damage.
You are more poisoned.
Sonja hits you but does no damage.
You are more poisoned.
Sonja hits you but does no damage.
You are more poisoned.
Sonja hits you but does no damage.
You are more poisoned.
Sonja hits you but does no damage.
You are more poisoned.
Your crystal plate armour prevents you from hitting Sonja.
Sonja is severely wounded.
You die...

##################
#@................
#K################
#.# #.# #.# #.#
### #.. ... ###
###


You could see Sonja.

Vanquished Creatures
  2 two-headed ogres (D:9)
  The ghost of Tenar the Chopper, a novice DsFi of Gozag (D:7)
  Grinder (D:5)
  A hornet (D:9)
  A wraith (D:9)
  Grum (D:8)
  Eustachio (D:4)
  A steam dragon (D:8)
  A warg (D:9)
  A sky beast (D:7)
  2 orc warriors (D:9)
  5 centaurs
  3 ogres
  4 wolves (D:8)
  A phantom (D:7)
  An elf zombie (Ossuary)
  2 kobold brigands
  Blork the orc (D:6)
  A bullfrog (D:7)
  3 scorpions
  A gnoll sergeant (D:8)
  A wyvern skeleton (D:6)
  A bullfrog zombie (D:7)
  2 hounds (D:4)
  3 centaur zombies
  A human zombie (Ossuary)
  3 orc priests
  2 centaur skeletons (D:4)
  5 iguanas
  4 orc wizards
  3 mummies (Ossuary)
  2 hound zombies (Ossuary)
  2 howler monkey zombies (D:9)
  A howler monkey skeleton (D:5)
  9 adders
  5 gnolls (D:8)
  A white imp (D:6)
  2 ufetubi (D:6)
  5 adder zombies (Ossuary)
  2 dart slugs
  21 orcs
  3 bats
  5 endoplasms
  3 giant cockroaches
  A gnoll zombie (Ossuary)
  4 goblins
  7 hobgoblins
  5 quokkas
  8 ball pythons
  4 frilled lizards
  3 goblin zombies (Ossuary)
  7 hobgoblin zombies (Ossuary)
  A jackal zombie (Ossuary)
  11 kobolds
  2 kobold zombies (Ossuary)
  An orc zombie (Ossuary)
  3 quokka zombies (Ossuary)
  5 rats
  5 rat zombies (Ossuary)
188 creatures vanquished.

Vanquished Creatures (others)
  A bullfrog (D:8)
  A bush (D:6)
2 creatures vanquished.

Grand Total: 190 creatures vanquished

Notes
Turn   | Place    | Note
-------+----------+-------------------------------------------
     0 | D:1      | kae the Demonspawn Berserker began the quest for the Orb.
     0 | D:1      | Reached XP level 1. HP: 18/18 MP: 1/1
   216 | D:1      | Found a faded altar of an unknown god.
   539 | D:1      | Gained mutation: You are partially covered in thin metallic
                  | scales. (AC +2) [demonic ancestry]
   539 | D:1      | Reached XP level 2. HP: 23/24 MP: 2/2
   760 | D:2      | Reached skill level 3 in Long Blades
   953 | D:2      | Reached XP level 3. HP: 21/29 MP: 3/3
  1126 | D:2      | Reached ** piety under Trog
  1742 | D:3      | Reached XP level 4. HP: 32/35 MP: 4/4
  1919 | D:3      | Found a runed translucent door.
  1919 | D:3      | Noticed vurker's ghost (amateur DgAE)
  2149 | D:4      | Noticed a scorpion
  2165 | D:4      | Killed a scorpion
  2166 | D:4      | Reached skill level 4 in Long Blades
  2166 | D:4      | Gained mutation: Your touch may inflict minor irresistible
                  | damage on your foes. [demonic ancestry]
  2166 | D:4      | Reached XP level 5. HP: 30/42 MP: 5/5
  2823 | D:4      | Noticed Eustachio
  2829 | D:4      | Gained mutation: You may rarely emit foul miasma when
                  | damaged in melee. [demonic ancestry]
  2829 | D:4      | Reached XP level 6. HP: 34/48 MP: 6/6
  2834 | D:4      | Killed Eustachio
  3131 | D:4      | Reached skill level 5 in Long Blades
  3324 | D:4      | Reached XP level 7. HP: 53/55 MP: 7/7
  3441 | D:4      | Found a staircase to the Ecumenical Temple.
  3678 | D:5      | Entered Level 5 of the Dungeon
  3829 | D:5      | Reached *** piety under Trog
  4269 | D:5      | Noticed Grinder
  4291 | D:5      | Killed Grinder
  4292 | D:5      | Reached skill level 5 in Fighting
  4292 | D:5      | Reached skill level 6 in Long Blades
  4292 | D:5      | Reached XP level 8. HP: 3/62 MP: 8/8
  5125 | D:6      | Found a sand-covered staircase.
  5131 | Ossuary  | Entered an ossuary
  5675 | Ossuary  | Reached **** piety under Trog
  5763 | D:6      | Identified a scroll of acquirement
  5763 | D:6      | Acquired a +0 crystal plate armour
  5867 | D:6      | Noticed Blork the orc
  5880 | D:6      | HP: 1/63 [Blork the orc (6)]
  5882 | D:6      | Killed Blork the orc
  6200 | D:6      | Reached skill level 7 in Long Blades
  7589 | D:7      | Found Cheibriados's Comfort Zone.
  7590 | D:7      | Found a snail-covered altar of Cheibriados.
  7668 | D:7      | Reached skill level 5 in Dodging
  7713 | D:7      | Reached skill level 5 in Armour
  7713 | D:7      | Gained mutation: You are mostly covered in thin metallic
                  | scales. (AC +3) [demonic ancestry]
  7713 | D:7      | Reached XP level 9. HP: 63/69 MP: 9/9
  8111 | D:7      | Found a runed translucent door.
  8116 | D:7      | Noticed Tenar's ghost (novice DsFi)
  8156 | D:7      | Killed Tenar's ghost
  8565 | D:8      | Reached skill level 8 in Long Blades
  8987 | D:8      | Found a radiant altar of Vehumet.
  9080 | D:8      | Noticed Grum
  9105 | D:8      | Killed Grum
  9760 | D:9      | Gained mutation: You are completely covered in thin
                  | metallic scales. (AC +4, rElec) [demonic ancestry]
  9760 | D:9      | Reached XP level 10. HP: 51/79 MP: 10/10
  9782 | D:9      | Reached skill level 9 in Long Blades
 10282 | D:9      | Found a staircase to the Orcish Mines.
 10387 | D:9      | Noticed a two-headed ogre
 10399 | D:9      | Killed a two-headed ogre
 10938 | D:9      | Noticed a manticore
 10939 | D:9      | Noticed a green ugly thing
 11044 | D:9      | Noticed a two-headed ogre
 11056 | D:9      | Killed a two-headed ogre
 11329 | D:10     | Entered Level 10 of the Dungeon
 11366 | D:10     | Noticed Sonja
 11375 | D:10     | Paralysed by Sonja for 7 turns
 11388 | D:10     | Succumbed to Sonja's poison

Illustrated notes

Levels and vault maps discovered:
D:1:      minmay_arrival_jagged, layout_loops_ring,
          chequers_ecumenical_altar_island
D:2:      layout_rooms
D:3:      cheibrodos_helix_gallery, layout_basic, gammafunk_ghost_grave
D:4:      layout_loops_corners, minmay_temple_entry_antechambers, uniq_eustachio
D:5:      layout_basic, uniq_grinder
D:6:      layout_basic, nicolae_ossuary_entry_plus, kb_lookout_dungeons_type,
          uniq_blork_the_orc
D:7:      layout_basic, hellmonk_ghost_happy_afterlife, nicolae_sextant,
          minmay_shop_chei
D:8:      layout_basic, mainiacjoe_overflow_catwalk, uniq_grum
D:9:      layout_basic, erik_orc_3, lightli_corner_chamber
D:10:     layout_long_grid, lair_entry_dummy, uniq_psyche, uniq_nergalle,
          uniq_sonja

Skill      XL: |  1  2  3  4  5  6  7  8  9 10 |
---------------+-------------------------------+-----
Armour         | 2 3 4 5 6 |  6.5
Long Blades    | 3 4 5 6 7 8 9 |  9.6
Dodging        | 2 3 4 5 6 |  6.6
Fighting       | 4 5 6 7 |  7.6

Action                   |  1- 3 |  4- 6 |  7- 9 | 10-12 || total
-------------------------+-------+-------+-------+-------++-------
Melee: Falchion          |   119 |    73 |   464 |   114 ||   770
       Touch             |       |    13 |    85 |    23 ||   121
Invok: Berserk           |       |     3 |     6 |     2 ||    11
Evoke: Wand              |       |       |       |     1 ||     1
  Use: Potion            |     2 |       |       |       ||     2
       Scroll            |       |       |    14 |     1 ||    15
 Stab: Sleeping          |       |     1 |       |       ||     1
Armor: Animal skin       |    37 |    27 |   117 |       ||   181
       Crystal plate arm |       |       |   245 |    92 ||   337
Dodge: Dodged            |    87 |    54 |   220 |    22 ||   383

Table legend: (Time is in decaauts)
 A = Elapsed time spent in this place.
 B = Non-inter-level travel time spent in this place.
 C = Inter-level travel time spent in this place.
 D = Time resting spent in this place.
 E = Time spent auto-exploring this place.
 F = Levels seen in this place.
 G = Mean time per level.
                   A        B        C        D        E       F      G
               +--------+--------+--------+--------+--------+-----+--------+
         Total |  11467 |  11120 |    347 |    783 |   8866 |  11 | 1042.5 |
       Dungeon |  10839 |  10492 |    347 |    561 |   8654 |  10 | 1083.9 |
       Ossuary |    627 |    627 |      0 |    222 |    212 |   1 |  627.0 |
               +--------+--------+--------+--------+--------+-----+--------+

Top non-repeatable levels by time:
     D:9: 1992 daAuts
     D:4: 1556 daAuts
     D:6: 1486 daAuts
     D:5: 1438 daAuts
     D:8: 1114 daAuts
     D:7: 1020 daAuts
     D:1: 761 daAuts
     D:3: 735 daAuts
     D:2: 672 daAuts
 Ossuary: 627 daAuts
    D:10: 61 daAuts
